 Dungeon Crawl Stone Soup version 0.19.1 (webtiles) character file.

660 Reckoning the Poker (level 7, -9/55 HPs)
             Began as a Demonspawn Wanderer on Dec 2, 2016.
             Mangled by an orc warrior
             ... wielding a +0 halberd
              (14 damage)
             ... on level 5 of the Dungeon.
             The game lasted 00:09:44 (4724 turns).

Reckoning the Poker (Demonspawn Wanderer)           Turns: 4724, Time: 00:09:45

Health: -9/55      AC: 11    Str: 14    XL:     7   Next: 30%
Magic:  14/14      EV: 10    Int: 12    God:
Gold:   149        SH:  0    Dex: 14    Spells: 0 memorised, 16 levels left

rFire  + . .     SeeInvis .     D - +2 whip (elec)
rCold  . . .     Gourm    .     j - +0 ring mail
rNeg   . . .     Faith    .     (no shield)
rPois  .         Spirit   .     (helmet restricted)
rElec  .         Reflect  .     (no cloak)
rCorr  .         Harm     .     z - +1 pair of gloves
MR     +....                    (no boots)
Stlth  +.........               (no amulet)
                                B - ring of protection from fire
                                i - ring of protection from magic

@: exhausted, slowed, very slow
A: antennae 2, iridescent scales 2, demonic guardian 1
a: no special abilities


You were on level 5 of the Dungeon.
You were hungry.

You visited 1 branch of the dungeon, and saw 5 of its levels.

You collected 149 gold pieces.

Inventory:

Hand Weapons
 d - a +0 blowgun
 g - a +0 hand axe
 p - a +0 quarterstaff
 D - a +2 whip of electrocution (weapon)
 E - a +0 spear
Missiles
 c - 10 poisoned needles
 y - 7 needles of confusion
 F - 7 curare-tipped needles
 G - 7 needles of sleeping
Armour
 e - a +0 robe
 j - a +0 ring mail (worn)
 z - a +1 pair of gloves (worn)
Jewellery
 i - a ring of protection from magic (left hand)
 k - an uncursed amulet of harm
 A - a +6 ring of intelligence
 B - a ring of protection from fire (right hand)
 J - an uncursed ring of wizardry
Wands
 v - a wand of flame (48/48)
Scrolls
 h - a scroll of recharging
 n - 2 scrolls of remove curse
 s - 3 scrolls of identify
Potions
 l - a potion of lignification {unknown}
 o - a potion of curing
 q - a potion of haste
Books
 a - a book of Necromancy

   Spells                             Type                      Level
   a - Pain                           Necromancy                   1
   b - Animate Skeleton               Necromancy                   1
   c - Vampiric Draining              Necromancy                   3
   d - Regeneration                   Charms/Necromancy            3
   e - Animate Dead                   Necromancy                   4
   f - Control Undead                 Necromancy                   4
 b - Seerofif's Almanac of Moulding

   Spells                             Type                      Level
   a - Passwall                       Transmutation/Earth          2
   b - Sticks to Snakes               Transmutation                2
Comestibles
 f - 3 bread rations
 t - 2 meat rations
 w - a beef jerky
 I - a royal jelly
 L - a chunk of flesh


   Skills:
 - Level 4.7 Fighting
 + Level 5.5 Polearms
 - Level 1.7 Throwing
 - Level 5.0 Spellcasting
   Level 2.0 Hexes
   Level 1.1 Necromancy


You had 16 spell levels left.
You didn't know any spells.

Dungeon Overview and Level Annotations

Branches:
Dungeon (5/15)
 Temple: D:4-7

Altars:
Dithmenos
Elyvilon
Nemelex Xobeh
Yredelemnul
Zin
The Shining One

Shops:
D:5 [


Innate Abilities, Weirdness & Mutations

You have a pair of antennae on your head.
You are mostly covered in iridescent scales. (AC +4)
A weak demonic guardian rushes to your aid.


Message History

The orc warrior barely misses you.
You closely miss the orc warrior.
The orc warrior is heavily wounded.
Your quasit bites the orc warrior but does no damage.
Your quasit claws the orc warrior but does no damage. x2
The orc warrior hits your quasit with a halberd.
Your quasit closely misses the orc warrior.
Your quasit claws the orc warrior but does no damage.
Your quasit misses the orc warrior.
The orc warrior hits your quasit with a halberd!!
Your quasit dies!
The orc warrior shouts!
You closely miss the orc warrior.
The orc warrior is heavily wounded.
You hear a shout!
The orc warrior barely misses you.
You barely miss the orc warrior.
The orc warrior is heavily wounded.
The orc warrior hits you with a halberd!
You die...

*,,,,*,...................
*,,,,*,...................
*,,,,+,.?.................
*,,,,*####.....###.....##.
**,,###_###......####.##*.
***#_..._####.#..#,*##,*,
##'''##....##..#**,,*,
#.....o....#*..o(,,,,,
###..@5....#**88o#,,*,
******########.#,*,$.o,,*,
**,,,,,,,**,,,#.#*,*##.,**,
*,,,,,,,,,,,,,..#,*,,,****,
*,,,,,,,,,,,,,..#,***,,* *,
*,,,,,,,,,,,,,,.#*,**,** *,
****,,,****,***,***,******,
**,,,********,,,,,,,,,,,,
*,,,,,*,,,*,,,,*,,,,,*,,,


You could see an orc warrior and a friendly quasit.

Vanquished Creatures
  An ogre (D:4)
  A howler monkey (D:4)
  A crimson imp (D:5)
  An orc priest (D:5)
  A bullfrog skeleton (D:4)
  3 orc wizards
  A worker ant (D:4)
  A hound skeleton (D:3)
  A howler monkey zombie (D:5)
  2 howler monkey skeletons (D:4)
  12 adders
  A shadow imp (D:5)
  An ooze (D:1)
  2 worms
  4 dart slugs
  2 leopard geckos
  An orc (D:4)
  2 ball pythons (D:4)
  2 giant cockroaches
  8 goblins
  9 hobgoblins
  13 jackals
  2 quokkas (D:3)
  13 bats
  6 frilled lizards
  10 kobolds
  5 rats
106 creatures vanquished.

Vanquished Creatures (collateral kills)
  A sky beast (D:4)
  2 orcs
3 creatures vanquished.

Grand Total: 109 creatures vanquished

Notes
Turn   | Place    | Note
-------+----------+-------------------------------------------
     0 | D:1      | Reckoning the Demonspawn Wanderer began the quest for the Orb.
     0 | D:1      | Reckoning set off with: a book of Necromancy, Seerofif's Almanac of Moulding, 12 poisoned needles, a +0 blowgun, a +0 robe, a bread ration
     0 | D:1      | Reached XP level 1. HP: 13/13 MP: 6/6
     0 | D:1      | Identified Seerofif's Almanac of Moulding
   179 | D:1      | Reached skill level 1 in Fighting
   372 | D:1      | Gained mutation: A weak demonic guardian rushes to your aid. [demonic ancestry]
   372 | D:1      | Reached XP level 2. HP: 17/21 MP: 8/8
   866 | D:1      | Reached XP level 3. HP: 18/28 MP: 9/9
  1617 | D:2      | Gained mutation: You are partially covered in iridescent scales. (AC +2) [demonic ancestry]
  1617 | D:2      | Reached XP level 4. HP: 15/37 MP: 11/11
  2009 | D:2      | Found a shadowy altar of Dithmenos.
  2009 | D:2      | Found a basalt altar of Yredelemnul.
  2633 | D:3      | Gained mutation: You have a pair of small antennae on your head. [demonic ancestry]
  2633 | D:3      | Reached XP level 5. HP: 41/43 MP: 12/12
  3249 | D:3      | Reached skill level 1 in Polearms
  3767 | D:4      | Noticed an ogre
  3772 | D:4      | Killed an ogre
  3772 | D:4      | Gained mutation: You are mostly covered in iridescent scales. (AC +4) [demonic ancestry]
  3772 | D:4      | Reached XP level 6. HP: 49/49 MP: 13/13
  3784 | D:4      | Found a sparkling altar of Nemelex Xobeh.
  4153 | D:4      | Noticed a sky beast
  4209 | D:4      | Killed a sky beast
  4209 | D:4      | Gained mutation: You have a pair of antennae on your head. [demonic ancestry]
  4209 | D:4      | Reached XP level 7. HP: 42/55 MP: 14/14
  4412 | D:4      | Reached skill level 5 in Polearms
  4584 | D:5      | Entered Level 5 of the Dungeon
  4631 | D:5      | Found Fim Ifea's Antique Armour Shoppe.
  4698 | D:5      | Found a white marble altar of Elyvilon.
  4698 | D:5      | Found a glowing golden altar of the Shining One.
  4699 | D:5      | Found a glowing silver altar of Zin.
  4711 | D:5      | HP: 2/55 [orc warrior/halberd (13)]
  4724 | D:5      | Mangled by an orc warrior

Skill      XL: |  1  2  3  4  5  6  7 |
---------------+----------------------+-----
Fighting       | 1 2 3 4 |  4.7
Polearms       | 3 4 5 |  5.5
Throwing       | |  1.7
Spellcasting   | |  5.0
Hexes          | |  2.0
Necromancy     | |  1.1

Action                   |  1- 3 |  4- 6 |  7- 9 || total
-------------------------+-------+-------+-------++-------
Melee: Hand axe          |   137 |       |       ||   137
       Quarterstaff      |    19 |    87 |       ||   106
       Whip              |       |   132 |    61 ||   193
 Fire: Blowgun           |     2 |     1 |       ||     3
  Use: Potion            |       |     1 |     2 ||     3
       Scroll            |       |       |     9 ||     9
  Eat: Chunk             |     2 |     5 |     1 ||     8
       Bread ration      |       |     1 |       ||     1
Armor: Ring mail         |   104 |   135 |    19 ||   258
Dodge: Dodged            |   124 |   152 |    35 ||   311
